[Event "Early-Titled-Tuesday-Blitz-February-20-2024"]
[Site "Chess.com"]
[Date "2024.02.20"]
[Round "7"]
[White "Dewarfd"]
[Black "whiteglovethief"]
[Result "1/2-1/2"]
[WhiteElo "2143"]
[BlackElo "2440"]
[TimeControl "180+1"]
[EndTime "9:20:24 PST"]
[Termination "Game drawn by repetition"]

1. d4 d5 2. e3 e6 3. Nf3 f5 4. c4 Nf6 5. Bd3 Bd6 6. O-O O-O 7. b3 b6 8. Ba3 Bxa3 9. Nxa3 Bb7 10.
Nb5 Ne4 11. Rc1 c5 12. dxc5 Nxc5 13. cxd5 Bxd5 14. Bc4 Bxc4 15. Rxc4 Nba6 16. Rd4 Qe8 17. Nd6 Qe7 18. e4 e5 19. Rd5 Nxe4 20. Nxe4 fxe4 21.
Rxe5 Qb7 22. Ng5 Nc5 23. Qd4 h6 24. Nxe4 Nxe4 25. Rxe4 Rad8 26. Qc4+ Kh8 27. Rfe1 b5 28.
Qe2 Rd6 29. Re7 Qb6 30. Qe3 Qxe3 31. R7xe3 Rd2 32. R3e2 Rfd8 33. h3 b4 34. Kf1 Kh7 35. f3 a5 36. Rxd2 Rxd2 37. Re2 Rd3 38. Kf2 a4 39. bxa4 Ra3 40. Kg3 Rxa4 41. Rb2 Ra3 42. Rxb4 Rxa2 43. h4 h5 44. Rb6 g6 45. Rb7+ Kh6 46.
Rb6 Rc2 47. f4 Rc4 48. Rf6 Ra4 49. Rf8 Kg7 50. Rb8 Ra3+ 51. Kh2 Ra2 52. Kh3 Ra1 53. g3 Kf6 54. Rb7 Rh1+ 55. Kg2 Ra1 56. Kf3 Ra3+ 57. Kg2 Ra2+ 58. Kh3 Ra3 59. Rb6+ Kf5 60. Rb5+ Ke4 61. Rg5 Kf3 62. Rxg6 Ra1 63. Kh2 Ra2+ 64.
Kh3 Ra1 65. Kh2 Ra2+ 66. Kh3 Ra1 1/2-1/2

[Event "Early-Titled-Tuesday-Blitz-February-20-2024"]
[Site "Chess.com"]
[Date "2024.02.20"]
[Round "7"]
[White "DvaHrasta"]
[Black "Chessdude1987"]
[Result "0-1"]
[WhiteElo "2516"]
[BlackElo "2336"]
[TimeControl "180+1"]
[EndTime "9:20:25 PST"]
[Termination "Chessdude1987 won on time"]

1. c4 e6 2. g3 g6 3. e4 Bg7 4.
Bg2 c5 5. Ne2 Nc6 6. O-O Nge7 7.
Nbc3 d6 8. d3 O-O 9. f4 f5 10.
Be3 Nd4 11. Bxd4 cxd4 12. Nb1 fxe4 13. Bxe4 Nf5 14. Bxf5 Rxf5 15. g4 Rf8 16. Nd2 e5 17. fxe5 Bxg4 18. Rxf8+ Qxf8 19. Qf1 Bh6 20. Ne4 Be3+ 21.
Kg2 Qxf1+ 22. Kxf1 Bh3+ 23. Ke1 dxe5 24. c5 Rf8 25. N2g3 h5 26. Nd2 Rf2 27. Ngf1 Bg4 28.
Nxe3 dxe3 29. Ne4 Rxh2 30. Nf6+ Kg7 31. Nxg4 Rh1+ 32. Ke2 Rxa1 33. Nxe5 Rxa2 34. Nc4 h4 35. Kxe3 h3 36. Kf3 Ra1 37. Kg3 Rh1 38. d4 g5 39.
d5 g4 40. d6 Rg1+ 41. Kh2 Rg2+ 42. Kh1 Kf7 43. Ne5+ Ke8 44. b4 Rb2 45. Nxg4 Rxb4 46. Nf6+ Kd8 47. Nd5 Rb2 48. Nc7 a5 49. Ne6+ Kd7 50.
Nf4 a4 51. Nd3 a3 52. Ne5+ Kc8 0-1

[Event "Early-Titled-Tuesday-Blitz-February-20-2024"]
[Site "Chess.com"]
[Date "2024.02.20"]
[Round "7"]
[White "Raffael89"]
[Black "Christ_is_alive"]
[Result "0-1"]
[WhiteElo "1841"]
[BlackElo "2265"]
[TimeControl "180+1"]
[EndTime "9:20:25 PST"]
[Termination "Christ_is_alive won on time"]

1. e4 c5 2. c3 d5 3. exd5 Qxd5 4. d4 e6 5. Nf3 Nf6 6. dxc5 Qxd1+ 7. Kxd1 Ng4 8. Bb5+ Nc6 9. Ke2 Bxc5 10. Be3 Nxe3 11. fxe3 Bd7 12. Nbd2 O-O-O 13. Nb3 Bb6 14. a4 a6 15. a5 Bc7 16. Bxc6 Bxc6 17. Nbd4 Bd5 18. b3 e5 19. c4 Be4 20. Ng5 Bg6 21. Ndf3 h6 22.
Nh3 Bc2 23. Nd2 f5 24. Nf2 e4 25. Rac1 Bd3+ 26. Nxd3 Rxd3 27. g4 Bxa5 28. Rhd1 Rhd8 29. Rc2 Rxd2+ 30. Rdxd2 Rxd2+ 31. Rxd2 Bxd2 32. Kxd2 g6 33. gxf5 gxf5 34. Kc3 Kd7 35. Kd4 Ke6 36. b4 h5 37.
h4 b6 38. c5 bxc5+ 39. bxc5 a5 40. c6 Kd6 41. c7 Kxc7 42. Ke5 a4 43. Kxf5 a3 44.
Kxe4 a2 45. Kf5 a1=Q 46. Kg5 Qe5+ 47. Kg6 Kd6 48. e4 Qxe4+ 49. Kxh5 Qh7+ 50. Kg5 Ke6 51. h5 Ke5 0-1

[Event "Early-Titled-Tuesday-Blitz-February-20-2024"]
[Site "Chess.com"]
[Date "2024.02.20"]
[Round "7"]
[White "IMRosen"]
[Black "Kirill_Klukin"]
[Result "1/2-1/2"]
[WhiteElo "2669"]
[BlackElo "2841"]
[TimeControl "180+1"]
[EndTime "9:20:26 PST"]
[Termination "Game drawn - insufficient material"]

1. e4 c5 2. Nc3 g6 3. d4 cxd4 4. Qxd4 Nf6 5. Nf3 Nc6 6. Qa4 d6 7. e5 dxe5 8. Nxe5 Bd7 9. Nxd7 Nxd7 10. Bb5 Bg7 11. Bxc6 bxc6 12. Qxc6 O-O 13. O-O Rc8 14. Qa6 Bxc3 15. bxc3 Qb6 16. Qa3 Qc5 17. Qxc5 Nxc5 18. Be3 Rc7 19. Bxc5 Rxc5 20. Rfb1 Rxc3 21. Rb7 e6 22.
Rxa7 Rxc2 23. g3 Rd8 24. Rf1 Rdd2 25. a4 Ra2 26. h4 Kg7 27. Ra8 Rd4 28. a5 Rda4 29.
Rc1 Rxa5 30. Rxa5 Rxa5 31. Rc3 Rd5 32. Kg2 h6 33. Rb3 Rc5 34. Ra3 Kf6 35. Rf3+ Rf5 36. Ra3 g5 37. hxg5+ hxg5 38. Ra8 Rd5 39. Ra4 Kf5 40. Rb4 Ke5 41. Rb2 f6 42. Re2+ Kf5 43. Ra2 Rd4 44. Ra5+ Rd5 45. Ra4 Ke5 46. Rb4 f5 47.
Ra4 Rc5 48. Rb4 Kd5 49. Rb8 f4 50. gxf4 gxf4 51. Kf3 Ke5 52. Rb4 Rc3+ 53. Kg4 f3 54. Rf4 Rc1 55. Rxf3 Rg1+ 56. Rg3 Rxg3+ 57. Kxg3 Ke4 58.
Kg2 Kf4 59. Kf1 Kf3 60. Ke1 e5 61. Kf1 e4 62. Ke1 e3 63. fxe3 Kxe3 1/2-1/2

[Event "Early-Titled-Tuesday-Blitz-February-20-2024"]
[Site "Chess.com"]
[Date "2024.02.20"]
[Round "7"]
[White "kpio91"]
[Black "Sanyura"]
[Result "1-0"]
[WhiteElo "2873"]
[BlackElo "2610"]
[TimeControl "180+1"]
[EndTime "9:20:26 PST"]
[Termination "kpio91 won on time"]

1. d4 Nf6 2. Bf4 g6 3. e3 d6 4. Nf3 Bg7 5. h3 O-O 6. Be2 Nbd7 7. O-O b6 8. c3 Bb7 9. a4 a6 10. Bh2 Ne4 11. Nfd2 Nxd2 12. Nxd2 e5 13. Rc1 Qe7 14.
b4 h5 15. Bf3 Bxf3 16. Qxf3 Rfe8 17. Qc6 Nf8 18. Nf3 Qd7 19. Qc4 b5 20. Qa2 bxa4 21.
Ra1 a5 22. Qxa4 Qxa4 23. Rxa4 axb4 24. Rxb4 Ra3 25. Rc4 e4 26. Ne1 Ne6 27. Nc2 Rb3 28.
Nb4 Ra8 29. Bg3 Raa3 30. Nd5 Rb7 31. Rc6 Ra5 32. c4 Ra4 33. Nc3 Ra3 34. Nb5 Ra4 35.
Rc1 Bf8 36. Bh4 f5 37. d5 Nc5 38. Bd8 Nd3 39. Rf1 Nb4 40. Rxc7 Rxc7 41. Bxc7 Nd3 42. Nxd6 Bxd6 43. Bxd6 Rxc4 44. Rb1 Ra4 45. Bc7 Rc4 46. d6 Ne5 47. Rb5 Nd7 48. g4 Kf7 49. gxf5 gxf5 50. Rxf5+ Ke6 51. Rxh5 Rc1+ 52. Kg2 Ne5 53. Rxe5+ 1-0

[Event "Early-Titled-Tuesday-Blitz-February-20-2024"]
[Site "Chess.com"]
[Date "2024.02.20"]
[Round "7"]
[White "Shuvalov"]
[Black "Larina_Maria"]
[Result "1-0"]
[WhiteElo "2517"]
[BlackElo "2281"]
[TimeControl "180+1"]
[EndTime "9:20:27 PST"]
[Termination "Shuvalov won on time"]

1. e4 c6 2. d4 d5 3. exd5 cxd5 4. c4 Nf6 5. Nc3 e6 6. Nf3 Bb4 7. cxd5 Nxd5 8. Qc2 O-O 9. Bd3 Nf6 10. O-O Nc6 11. Rd1 Be7 12. Qe2 b6 13. Bg5 Bb7 14. a3 Rc8 15. Bc2 Re8 16. Qd3 g6 17. Qe2 a6 18.
h4 Qd6 19. Rd2 Na5 20. Ne5 Nd5 21. Ne4 Qc7 22. Qf3 f5 23. Bxe7 Qxe7 24. Ng5 Nb4 25.
Qd1 Nxc2 26. Rxc2 Rxc2 27. Qxc2 Rc8 28. Qe2 Nb3 29. Rd1 b5 30. Qe3 Na5 31. Nd3 Bd5 32.
Nf4 Bb3 33. Re1 Ba2 34. Nfxe6 Re8 35. Qe5 Nc4 36. Qf4 h6 37. d5 hxg5 38. hxg5 Nd6 39.
Qe5 Bxd5 40. Qxd5 Nf7 41. f4 Rd8 42. Qf3 1-0

[Event "Early-Titled-Tuesday-Blitz-February-20-2024"]
[Site "Chess.com"]
[Date "2024.02.20"]
[Round "7"]
[White "Al_Shima"]
[Black "Alenzer"]
[Result "1/2-1/2"]
[WhiteElo "2381"]
[BlackElo "2156"]
[TimeControl "180+1"]
[EndTime "9:20:27 PST"]
[Termination "Game drawn by repetition"]

1. e4 c5 2. Nf3 e6 3. c3 d5 4.
exd5 exd5 5. d4 Nf6 6. Be3 cxd4 7.
Nxd4 Nc6 8. Be2 Bd6 9. O-O O-O 10. Nd2 Re8 11. Nxc6 bxc6 12. Nf3 Ne4 13. h3 Ng3 14. Re1 Nxe2+ 15. Qxe2 a5 16. Qd2 Qf6 17. Bg5 Rxe1+ 18. Rxe1 Qg6 19. Re8+ Bf8 20. Qe3 h6 21. Be7 Bxh3 22.
Nh4 Qb1+ 23. Kh2 Rxe8 24. Qxh3 Bxe7 25. Qd7 Kf8 26. Nf5 Qe4 27. Nd4 Qf4+ 28. Kg1 Bd6 29. g3 Re1+ 30. Kg2 Qe4+ 31. Nf3 Re2 32. Qxd6+ Qe7 33.
Qxc6 Rxb2 34. Qc8+ Qe8 35. Qc5+ Kg8 36. Qxd5 Qe6 37.
Qd8+ Kh7 38. Qxa5 Rxa2 39. Qh5 g6 40. Ng5+ Kg8 41. Qxh6 Qd5+ 42. Nf3 Qc5 43. Nd4 Qxc3 44. Qf4 Qc5 45. Qb8+ Kh7 46. Qf4 Qd5+ 47. Nf3 Ra3 48.
g4 Kg7 49. Kg3 Qd3 50. Qe5+ Kh7 51. Qf4 Kg7 52. Qe5+ Kg8 53. Qe8+ Kg7 54. Qe5+ 1/2-1/2

[Event "Early-Titled-Tuesday-Blitz-February-20-2024"]
[Site "Chess.com"]
[Date "2024.02.20"]
[Round "7"]
[White "KononenkoD"]
[Black "blitzking1729"]
[Result "1-0"]
[WhiteElo "2527"]
[BlackElo "2697"]
[TimeControl "180+1"]
[EndTime "9:20:28 PST"]
[Termination "KononenkoD won on time"]

1. d4 d6 2. c4 e5 3. Nf3 Nd7 4. g3 g6 5. Bg2 Bg7 6. O-O Ne7 7. e3 O-O 8. b4 c6 9. Bb2 e4 10. Nfd2 d5 11. Nc3 f5 12. b5 Nf6 13. bxc6 bxc6 14.
Qa4 Bd7 15. Qa6 Qb6 16. Qxb6 axb6 17. cxd5 Nexd5 18. Nc4 Rfc8 19. Rfc1 Bf8 20. Ne5 Be8 21.
Bf1 Ra7 22. Bc4 Rca8 23. Bb3 Bd6 24. Nc4 Bc7 25. Ne2 b5 26. Ne5 Ra6 27. Nf4 Bd6 28.
Nxd5 cxd5 29. Rc2 Kf8 30. Rac1 Ke7 31. Nc6+ Ke6 32. Ne5 g5 33. h3 f4 34. gxf4 gxf4 35. exf4 Kf5 36. Rc3 Nh5 37. Bxd5 Nxf4 38. Bxa8 Ne2+ 39. Kf1 Nxc1 40. Bb7 Rxa2 41. Bxc1 b4 42. Re3 Bb5+ 43. Kg2 Ra1 44. Bxe4+ Ke6 45. Bb2 Ra2 46. Nd3 1-0

[Event "Early-Titled-Tuesday-Blitz-February-20-2024"]
[Site "Chess.com"]
[Date "2024.02.20"]
[Round "7"]
[White "Maxfan2008"]
[Black "KetiTsatsalashvili"]
[Result "0-1"]
[WhiteElo "2554"]
[BlackElo "2456"]
[TimeControl "180+1"]
[EndTime "9:20:29 PST"]
[Termination "KetiTsatsalashvili won on time"]

1. d4 Nf6 2. c4 e6 3. Nc3 d5 4.
cxd5 exd5 5. Bg5 c6 6. e3 h6 7. Bh4 Be7 8. Bd3 Be6 9. Nf3 Nbd7 10. Ne5 Nxe5 11. dxe5 Nd7 12. Bxe7 Qxe7 13. f4 Qc5 14. f5 Nxe5 15. fxe6 Qxe3+ 16. Be2 fxe6 17. Qd2 Qb6 18. O-O-O O-O-O 19. Rhe1 Rhf8 20. Bf1 Rf2 21. Na4 Rxd2 22. Nxb6+ axb6 23. Rxd2 Ng4 24. h3 Nf6 25. Rxe6 Ne4 26. Rd1 Rf8 27. Bd3 Nc5 28. Re7 g5 29. Rh7 Rf6 30. Bc2 b5 31. Re1 Kb8 32. Ree7 Rf1+ 33.
Kd2 Rf2+ 34. Kc3 b4+ 35. Kxb4 Rxc2 36. b3 Ka7 37. Rxh6 Kb6 38. Rhh7 Rxa2 39. Kc3 Ra3 40.
Kd4 Rxb3 41. g4 Rd3+ 42. Ke5 Rf3 43. Kd6 d4 44. Re1 d3 45. Rb1+ Nb3 46. Rxb3+ Ka6 47.
Rhxb7 d2 48. R7b6+ Ka7 49. Rxf3 d1=Q+ 0-1

[Event "Early-Titled-Tuesday-Blitz-February-20-2024"]
[Site "Chess.com"]
[Date "2024.02.20"]
[Round "7"]
[White "DonMicheleCorleone"]
[Black "MasterofMasters2006"]
[Result "1/2-1/2"]
[WhiteElo "2526"]
[BlackElo "2296"]
[TimeControl "180+1"]
[EndTime "9:20:30 PST"]
[Termination "Game drawn by repetition"]

1. e4 e5 2. Nf3 Nc6 3. Bc4 Bc5 4. c3 Nf6 5. d4 exd4 6. cxd4 Bb4+ 7. Bd2 Bxd2+ 8.
Nbxd2 Nxe4 9. Nxe4 d5 10. Bd3 dxe4 11. Bxe4 O-O 12. Bxc6 bxc6 13. O-O Bg4 14. Rc1 Bxf3 15. Qxf3 Qxd4 16. Rc2 Rab8 17. b3 Rb6 18. Rfc1 Rd8 19.
g3 h6 20. Kg2 Qd5 21. Qxd5 Rxd5 22. Rxc6 Rd2 23. a4 Rxb3 24. Rxc7 Rbb2 25. Rf1 Ra2 26.
Rxa7 Rd4 27. Rc1 Rdd2 28. Rc8+ Kh7 29. Rxf7 Rxa4 30. h3 Ra6 31. Rcc7 Rg6 32. g4 Rdd6 33. Kg3 Rdf6 34. Rfe7 Re6 35. Red7 Rd6 36. h4 Rxd7 37. Rxd7 Ra6 38. f3 Ra4 39. Rd6 Rb4 40. Re6 Ra4 41. h5 Rc4 42. Kh4 Rb4 43. Re4 Rb1 44. f4 Rh1+ 45. Kg3 Rg1+ 46. Kf3 Rf1+ 47. Kg2 Ra1 48.
g5 hxg5 49. fxg5 Ra5 50. Rg4 Rb5 51. Kh3 Rb3+ 52. Kh4 Rb1 53. Rf4 Rh1+ 54. Kg4 Rg1+ 55. Kf5 Rh1 56. Kg4 Rg1+ 57. Kh4 Rh1+ 58. Kg4 1/2-1/2

[Event "Early-Titled-Tuesday-Blitz-February-20-2024"]
[Site "Chess.com"]
[Date "2024.02.20"]
[Round "7"]
[White "Atousa"]
[Black "Louis-Paulsen-Fan"]
[Result "1/2-1/2"]
[WhiteElo "2447"]
[BlackElo "2231"]
[TimeControl "180+1"]
[EndTime "9:20:31 PST"]
[Termination "Game drawn - insufficient material"]

1. d4 d5 2. Nf3 e6 3. g3 c5 4.
Bg2 Nc6 5. O-O Nf6 6. dxc5 Bxc5 7. a3 a5 8. c4 O-O 9. Nc3 d4 10. Na4 Ba7 11. c5 e5 12. Bg5 Be6 13. Bd2 Bd5 14. b4 axb4 15. axb4 e4 16. Nh4 e3 17. fxe3 Bxg2 18. Nxg2 dxe3 19. Nxe3 Ne4 20. Be1 Qg5 21. Nf5 Rad8 22. Qc2 Rfe8 23. Nb6 Bxb6 24. cxb6 g6 25. b5 Nd4 26. Nxd4 Rxd4 27. Bf2 Nxf2 28. Rxf2 Qe3 29. Qc7 f5 30. Qxb7 Rd2 31. Qf3 Qe5 32. Ra8 Qxb5 33. Rxe8+ Qxe8 34. b7 Rb2 35. Rf1 Qb5 36. e4 Qxb7 37. exf5 Qxf3 38. Rxf3 gxf5 39. Rxf5 Kg7 40. Rf2 Rb1+ 41. Kg2 Kg6 42. Kh3 Ra1 43. Rd2 Rb1 44. Kg4 Rb4+ 45. Kf3 Ra4 46. h4 h5 47. Rd6+ Kg7 48. Rd5 Kg6 49. Rg5+ Kh6 50. Rf5 Ra3+ 51. Kg2 Ra4 52. Kf3 Ra3+ 53. Kf4 Ra4+ 54.
Ke3 Ra3+ 55. Kf2 Ra2+ 56. Kg1 Ra1+ 57. Kh2 Ra2+ 58. Kh3 Ra3 59. Rg5 Rb3 60. Kg2 Rb2+ 61. Kf3 Rb3+ 62. Ke4 Rb4+ 63. Kd5 Rb5+ 64. Ke4 Rxg5 65.
hxg5+ Kxg5 66. Kf3 h4 67. gxh4+ Kxh4 1/2-1/2

[Event "Early-Titled-Tuesday-Blitz-February-20-2024"]
[Site "Chess.com"]
[Date "2024.02.20"]
[Round "7"]
[White "viktorskliarov"]
[Black "BashirliSaadat"]
[Result "1-0"]
[WhiteElo "2577"]
[BlackElo "2350"]
[TimeControl "180+1"]
[EndTime "9:20:31 PST"]
[Termination "viktorskliarov won by resignation"]

1. e4 c6 2. d4 d5 3. e5 Bf5 4. Nf3 e6 5. Be2 Ne7 6. O-O Nd7 7. a4 Bg6 8. a5 Nf5 9. a6 b6 10. Na3 Nh4 11. c4 Nxf3+ 12. Bxf3 Bxa3 13. Rxa3 O-O 14. b3 Qe7 15. Re1 Rab8 16. Ra2 Rfc8 17. Ba3 Qe8 18. Bd6 Ra8 19. Qd2 b5 20. c5 Rd8 21. h4 h6 22.
h5 Bh7 23. g4 f6 24. exf6 Nxf6 25. Qf4 Ne4 26. Rae2 Qf7 27. Qxf7+ Kxf7 28. Be5 Ng5 29. Bg2 Be4 30. Bxe4 dxe4 31. Rxe4 Nxe4 32. Rxe4 Rd5 33. Rf4+ Kg8 34. Bd6 Rd8 35. Kf1 b4 36.
Ke2 Re8 37. Ke3 Rg5 38. Re4 Kf7 39. Rf4+ Kg8 40. f3 g6 41. hxg6 Rxg6 42. Kd3 Rg7 43. Kc4 Rf7 44. Rxf7 Kxf7 45. Kxb4 Kf6 46. Kc4 Kg5 47.
b4 h5 48. gxh5 Kxh5 49. b5 cxb5+ 50. Kxb5 Kg5 51. Kc6 Kf6 52. Kd7 Rg8 53. c6 Rg7+ 54. Kd8 Rg8+ 55. Kc7 Rg7+ 56. Kb8 Rg8+ 57. Kxa7 e5 58.
dxe5+ Ke6 59. Kb7 Rg7+ 60. c7 Rf7 61. a7 1-0

[Event "Early-Titled-Tuesday-Blitz-February-20-2024"]
[Site "Chess.com"]
[Date "2024.02.20"]
[Round "7"]
[White "VladimirKramnik"]
[Black "OparinGrigoriy"]
[Result "1-0"]
[WhiteElo "2983"]
[BlackElo "3006"]
[TimeControl "180+1"]
[EndTime "9:20:35 PST"]
[Termination "VladimirKramnik won on time"]

1. e4 c5 2. Nf3 Nc6 3. Bb5 d6 4.
c3 Bd7 5. d4 a6 6. Bxc6 Bxc6 7. d5 Bd7 8. O-O e5 9. dxe6 Bxe6 10. Re1 Nf6 11. Bg5 Be7 12. Nbd2 O-O 13. Qc2 h6 14. Bxf6 Bxf6 15. Rad1 Qa5 16. a3 Rad8 17.
h3 Rfe8 18. Nf1 Qb5 19. Rd2 Bb3 20. Qb1 d5 21. e5 Be7 22. Ne3 Bf8 23. Qf5 Qd7 24.
Qf4 Qe6 25. Nf5 Qg6 26. Re3 a5 27. h4 a4 28. Nh2 Qe6 29. Ng4 Kh8 30. Rg3 Rd7 31.
Nfxh6 gxh6 32. Nf6 Bg7 33. Rxg7 Kxg7 34. Rd3 Bc2 35.
Rg3+ Bg6 36. Nxe8+ Qxe8 37. h5 Qe6 38. hxg6 fxg6 39.
Qxa4 d4 40. cxd4 cxd4 41. Rd3 Qd5 42. f4 b5 43. Qd1 Qe4 44. Qf3 Qf5 45. g4 Qe6 46. Kg2 Qc4 47. Kg3 Qc1 48. Qf2 Qc4 49.
Qe2 Qc1 50. e6 Qg1+ 51. Kh3 Qh1+ 52. Kg3 Qg1+ 53. Kf3 Qh1+ 54. Qg2 Qb1 55. Rd2 Re7 56. f5 1-0

[Event "Early-Titled-Tuesday-Blitz-February-20-2024"]
[Site "Chess.com"]
[Date "2024.02.20"]
[Round "7"]
[White "only_strong_moves"]
[Black "PedroGil25"]
[Result "0-1"]
[WhiteElo "2640"]
[BlackElo "2502"]
[TimeControl "180+1"]
[EndTime "9:20:37 PST"]
[Termination "PedroGil25 won by resignation"]

1. e4 c5 2. Nf3 e6 3. d4 cxd4 4. Nxd4 a6 5. c4 Nf6 6. Nc3 Bb4 7. e5 Qa5 8. exf6 Bxc3+ 9. bxc3 Qxc3+ 10. Qd2 Qxa1 11.
fxg7 Rg8 12. Qe3 Nc6 13. Nf5 Qe5 14. Qxe5 Nxe5 15. Nd6+ Kd8 16. Bf4 Ng6 17. Bg5+ Kc7 18. c5 b6 19. Bh6 bxc5 20. Ne4 Bb7 21. Nf6 Bd5 22. a3 Ne7 23. Bd3 Bxg2 24. Rg1 Bh3 25. Nxg8 Nxg8 26. Be3 d6 27. Bxh7 Rb8 28. Kd2 e5 29. f4 f6 30. fxe5 fxe5 31. Rg3 Be6 32. Rf3 Rb2+ 33. Kc3 Rb3+ 34. Kd2 Rb2+ 35. Kc1 Rxh2 36.
Bxg8 Bxg8 37. Rf8 Bc4 38. g8=Q Bxg8 39. Rxg8 Kc6 40. Rc8+ Kb5 41. Rd8 Rh3 42. Bd2 Rxa3 43. Rxd6 Ra1+ 44. Kb2 Rh1 45. Kc2 Rh2 46. Re6 Rh5 47.
Bc3 Rh2+ 48. Kd3 Rh3+ 49. Kc2 Rh2+ 50. Kb3 Rh3 51. Re8 c4+ 52. Kb2 Rh2+ 53. Ka3 Rh3 54. Kb2 Rh2+ 55. Kc1 Ka4 56. Rxe5 Kb3 57. Re3 Rc2+ 58.
Kb1 Rxc3 59. Re6 Rh3 60. Rb6+ Kc3 61. Rxa6 Rh1+ 62. Ka2 Kc2 63. Rc6 c3 64. Rc8 Rh7 65. Ra8 Rc7 66. Ra6 Kc1 67. Rh6 c2 68. Rh1+ Kd2 69.
Rh2+ Ke3 70. Rh3+ Kf4 0-1

[Event "Early-Titled-Tuesday-Blitz-February-20-2024"]
[Site "Chess.com"]
[Date "2024.02.20"]
[Round "7"]
[White "romulocardoso"]
[Black "the-do0on"]
[Result "0-1"]
[WhiteElo "2332"]
[BlackElo "2061"]
[TimeControl "180+1"]
[EndTime "9:20:37 PST"]
[Termination "the-do0on won by checkmate"]

1. e4 d6 2. d4 Nf6 3. Nc3 c6 4.
Bc4 Qa5 5. Ne2 Nxe4 6. O-O Nxc3 7. Nxc3 d5 8. Bb3 Bf5 9. Bd2 Qc7 10. Na4 e6 11. c4 Bd6 12. h3 O-O 13. c5 Be7 14. Bc2 Bxc2 15. Qxc2 Bf6 16. Bc3 Nd7 17. b3 b5 18. Nb2 a5 19. Qd3 b4 20. Bd2 Nxc5 21. dxc5 Bxb2 22. Rab1 Bf6 23. g4 g6 24. f4 Bg7 25. f5 Qe5 26. Kg2 Qd4 27. Qe2 exf5 28.
gxf5 Rae8 29. Qf2 Qxf2+ 30. Rxf2 Bd4 31. Bh6 Bg7 32. Bf4 gxf5 33. Bd6 Bd4 34. Rd2 Bc3 35. Rc2 d4 36. Rf2 d3 37. Rxf5 d2 38.
Bxf8 Kxf8 39. Rf2 Re1 40. Rf1 Ke7 41. Kf2 Ke6 42. Rd1 Kf5 43. Kg3+ Kg5 44. h4+ Kg6 45. Kg4 h5+ 46. Kg3 Be5+ 47. Kg2 Bc3 48. Kg3 Rxd1 49.
Rxd1 Be5+ 50. Kf3 Bc3 51. Ke4 f5+ 52. Kf4 Kf6 53. Rg1 Bd4 54. Rd1 Bc3 55. Ke3 Ke5 56. Ke2 f4 57. Rg1 Ke4 58. Rg8 f3+ 59. Kd1 f2 60. Rf8 Ke3 61. Rf5 Bd4 62. Rf7 Kd3 63. Rf3+ Be3 64. Rf6 Kc3 65. Ke2 Bxc5 66. Rf3+ Kc2 67.
Rf5 d1=Q# 0-1

[Event "Early-Titled-Tuesday-Blitz-February-20-2024"]
[Site "Chess.com"]
[Date "2024.02.20"]
[Round "7"]
[White "JonSnowNW1"]
[Black "Dinosaurio_1975"]
[Result "1-0"]
[WhiteElo "2506"]
[BlackElo "2593"]
[TimeControl "180+1"]
[EndTime "9:20:38 PST"]
[Termination "JonSnowNW1 won on time"]

1. c4 e6 2. Nf3 d5 3. d4 Nf6 4. g3 Be7 5. Bg2 O-O 6. O-O c6 7. b3 b6 8. Bb2 Nbd7 9. Nbd2 Bb7 10. Rc1 Rc8 11. Re1 Qc7 12. Qc2 Qb8 13. Qb1 Rfd8 14.
e4 Nxe4 15. Nxe4 dxe4 16. Qxe4 c5 17. d5 Bf6 18. Ne5 exd5 19. cxd5 Qa8 20. Rcd1 Re8 21.
f4 Rcd8 22. Qf5 Nf8 23. Qh5 g6 24. Qf3 Bg7 25. Bc3 Rd6 26. Ng4 Rxe1+ 27. Rxe1 Bxd5 28. Qe3 Bxg2 29. Bxg7 Re6 30. Be5 Nd7 31. Nh6+ Kf8 32. Qd2 Nxe5 33. fxe5 Bc6 34. Rf1 Re7 35. Qd6 Be8 36. Qf6 Re6 37. Qh8+ Ke7 38. Ng8+ Kd7 39. Nf6+ Ke7 40. Rd1 Qc8 41. Ng8+ Kf8 42. Nf6+ Ke7 43.
Nd5+ Kd7 44. Nxb6+ Kc7 45. Nxc8 Kxc8 46. Rd6 Re7 47.
Rc6+ Kd8 48. Rxc5 Kd7 49. Qf6 Re6 50. Qf4 Ke7 51. Qd4 Bd7 52. Rc7 1-0

[Event "Early-Titled-Tuesday-Blitz-February-20-2024"]
[Site "Chess.com"]
[Date "2024.02.20"]
[Round "7"]
[White "ElephantChessGenius"]
[Black "Journey_to_GrandMaster_YT"]
[Result "1-0"]
[WhiteElo "2342"]
[BlackElo "2503"]
[TimeControl "180+1"]
[EndTime "9:20:39 PST"]
[Termination "ElephantChessGenius won on time"]

1. e4 d6 2. Nf3 Nf6 3. Nc3 e5 4. d4 Nbd7 5. g3 Be7 6. Bg2 c6 7. O-O b5 8. d5 b4 9. dxc6 bxc3 10. cxd7+ Qxd7 11. bxc3 Bb7 12. Nd2 O-O 13. c4 Qc6 14. Ba3 Nd7 15. Rb1 Rab8 16. Qe2 Ba6 17. Rb3 Nb6 18.
Rb4 Rbc8 19. Rfb1 Bg5 20. h4 Bxd2 21. Qxd2 Nxc4 22. Qc3 Nxa3 23. Qxa3 h6 24. c4 Rc7 25. Ra4 Bc8 26. Rxa7 Rxa7 27. Qxa7 Qxc4 28. Rd1 Qc6 29. Qe7 Bg4 30. Rxd6 Qc1+ 31. Kh2 Qc5 32. f3 Be6 33.
Rxe6 Qf2 34. Rd6 Qxa2 35. Rd8 Rxd8 36. Qxd8+ Kh7 37. Qd5 Qb2 38. Qxf7 Qd4 39. h5 Qb2 40. Qf5+ Kh8 41. Qe6 Qc3 42. f4 exf4 43. gxf4 Qe1 44.
Qe8+ Kh7 45. Qg6+ Kh8 46. Qg3 Qe2 47. Qh4 Qe3 48. e5 Qe2 49. Qd8+ Kh7 50. Qe8 Qf2 51. Qg6+ Kh8 52. Qg4 Qe1 53. e6 Qe3 54. Qg6 Qe1 55. Qe8+ Kh7 56. Qg6+ Kh8 57. Qf7 Qh4+ 58. Kg1 Qe1+ 59.
Bf1 Qg3+ 60. Kh1 Qf3+ 61. Bg2 1-0

[Event "Early-Titled-Tuesday-Blitz-February-20-2024"]
[Site "Chess.com"]
[Date "2024.02.20"]
[Round "7"]
[White "szachuspl"]
[Black "profedechess93"]
[Result "1-0"]
[WhiteElo "2517"]
[BlackElo "2622"]
[TimeControl "180+1"]
[EndTime "9:20:40 PST"]
[Termination "szachuspl won by resignation"]

1. d4 d5 2. c4 c6 3. Nc3 Nf6 4. Nf3 dxc4 5. a4 Bf5 6. Ne5 Nbd7 7. Nxc4 Qc7 8. g3 e5 9. dxe5 Nxe5 10. Bf4 Nfd7 11.
Bg2 g5 12. Nxe5 gxf4 13. Nxd7 O-O-O 14. O-O fxg3 15. hxg3 Rxd7 16. Qb3 Bc5 17. e3 Rg8 18. Ne2 h5 19. Qc4 Qe5 20. b4 Bb6 21. Rad1 Be6 22. Qf4 Qg7 23. Rxd7 Bxd7 24. Rd1 Bc7 25. Qd4 Qxd4 26.
Rxd4 Bg4 27. Nf4 Be5 28. Re4 Bc3 29. Rc4 Bd2 30. b5 h4 31. bxc6 bxc6 32. Rxc6+ Kd7 33. Rc2 Ba5 34. Nd5 Rg6 35. Be4 f5 36. Bg2 hxg3 37.
fxg3 Rd6 38. Kf2 Bd1 39. Rc1 Bb3 40. Nf4 Rd2+ 41. Kg1 Bb6 42. Rc3 Bxa4 43. Bh3 Bb5 44. Bxf5+ Kd6 45. g4 Ke5 46. Ng2 Ba6 47. Rc2 Rd1+ 48. Kh2 Bb7 49. Kg3 Kf6 50. e4 Ba5 51. Nf4 Be1+ 52. Kf3 Bb4 53. Rb2 a5 54. Nh3 Rf1+ 55.
Kg2 Ra1 56. g5+ Ke5 57. g6 Kf6 58. Nf4 Kg7 59. Nh5+ Kh6 60. g7 Bd5 61. exd5 Rg1+ 62. Kxg1 1-0

[Event "Early-Titled-Tuesday-Blitz-February-20-2024"]
[Site "Chess.com"]
[Date "2024.02.20"]
[Round "7"]
[White "Juicy_Fork"]
[Black "Dixit_Nikhil"]
[Result "0-1"]
[WhiteElo "2487"]
[BlackElo "2599"]
[TimeControl "180+1"]
[EndTime "9:20:40 PST"]
[Termination "Dixit_Nikhil won on time"]

1. e4 c5 2. Nf3 Nc6 3. Bb5 e5 4. O-O Bd6 5. d4 cxd4 6. c3 Nge7 7. cxd4 exd4 8. Nxd4 O-O 9. Nc3 Be5 10. Be3 d6 11. Nd5 Nxd5 12. exd5 Nxd4 13. Bxd4 Bd7 14. Bxd7 Qxd7 15. f4 Bxd4+ 16. Qxd4 Rfe8 17. Rfe1 Rxe1+ 18. Rxe1 Re8 19. Rf1 Qb5 20. f5 f6 21. Rc1 h6 22.
h3 Kh7 23. Qg4 Qd7 24. Qg6+ Kh8 25. Kh2 Qe7 26. Kh1 Qe5 27. b3 Rg8 28. Rd1 Qe2 29. Qg4 Qxa2 30. Re1 Qxb3 31. Qe4 a5 32. Re3 Qd1+ 33.
Kh2 b5 34. Rg3 Qa1 35. Qd3 b4 36. Qa6 Qe5 37. Qxa5 b3 38. Qb6 b2 39. h4 Kh7 40.
Qb3 Rc8 41. Qb7 Rg8 42. Qb3 Qxf5 43. Qxb2 Qxd5 44. Qc2+ Kh8 45. Kh1 Qe5 46. Rf3 d5 47. Rf5 Qe1+ 48. Kh2 Qxh4+ 49. Kg1 Qe1+ 50. Kh2 Qe4 51. Qf2 d4 52. Rxf6 Qe5+ 53. Rf4 Rf8 54. Qxd4 Qxf4+ 0-1

[Event "Early-Titled-Tuesday-Blitz-February-20-2024"]
[Site "Chess.com"]
[Date "2024.02.20"]
[Round "7"]
[White "ChessLover0108"]
[Black "AnishOnYoutube"]
[Result "0-1"]
[WhiteElo "2971"]
[BlackElo "3024"]
[TimeControl "180+1"]
[EndTime "9:20:42 PST"]
[Termination "AnishOnYoutube won on time"]

1. d4 Nf6 2. c4 g6 3. Nc3 Bg7 4. e4 d6 5. Be2 O-O 6. Nf3 e5 7. Be3 exd4 8. Nxd4 Re8 9. f3 c6 10. Bf2 d5 11. exd5 cxd5 12. O-O Nc6 13. c5 Nh5 14. Qd2 Be5 15. Rfe1 Nf4 16. Bf1 Bxd4 17. Bxd4 Rxe1 18. Rxe1 Ne6 19. Bf2 d4 20. Ne4 b6 21. cxb6 axb6 22. Bc4 Ra5 23. Bg3 Ne5 24. Bb3 d3 25. Qc3 Nd4 26. Bxe5 Rxe5 27. Qxd3 Re7 28. Rd1 Rd7 29. Kf2 Bb7 30. Qc3 Bxe4 31. fxe4 Qf6+ 32. Ke1 Kg7 33.
g3 Qe5 34. Kf1 Qxe4 35. Kf2 Qe2+ 36. Kg1 Qe5 37. Kg2 Rd6 38. Bc4 Qe4+ 39. Kg1 Kg8 40. Rf1 Rd7 41. Qd3 Qe5 42. Qc3 Kg7 43. Qc1 h5 44.
Bd3 b5 45. Qd1 Qd5 46. Qe1 Qc5 47. Qf2 Qd5 48. Qf6+ Kg8 49. Bxg6 fxg6 50. Qxg6+ Rg7 51. Qe8+ Kh7 52. Qe3 Ne6 53. Rf6 Ng5 54. h4 Ne4 55. Rf4 Rxg3+ 0-1